 Dungeon Crawl Stone Soup version 0.30-a0-358-g0d69a1922f (webtiles) character file.

Game seed: 4994597617796304719

53 KennySheep the Conjurer (level 3, -5/26 HPs)
             Began as a Demigod Conjurer on Nov 10, 2022.
             Slain by Sigmund
             ... wielding a +0 scythe
              (9 damage)
             ... on level 2 of the Dungeon.
             The game lasted 00:02:35 (1335 turns).

KennySheep the Conjurer (Demigod Conjurer)          Turns: 1335, Time: 00:02:36

Health: -5/26      AC:  2    Str: 11    XL:     3   Next: 42%
Magic:  5/8        EV: 12    Int: 24    God:
Gold:   56         SH:  0    Dex:  9    Spells: 3/6 levels left

rFire   . . .      SeeInvis .    h - +4 lajatang of Collusion {freeze, rElec Str+3 Dex-3}
rCold   . . .      Faith    .    (shield currently unavailable)
rNeg    . . .      Spirit   .    a - +0 robe
rPois   .          Reflect  .    (no helmet)
rElec   +          Harm     .    (no cloak)
rCorr   .          Rampage  .    (no gloves)
Will    .....                    (no boots)
Stlth   ++........               (no amulet)
HPRegen 0.24/turn                (no ring)
MPRegen 0.11/turn                (no ring)

@: no status effects
A: high MP 1, forlorn, divine attributes
a: no special abilities


You were on level 2 of the Dungeon.
You visited 1 branch of the dungeon, and saw 2 of its levels.

You collected 56 gold pieces.

Inventory:

Hand Weapons
 h - the +4 lajatang of Collusion (weapon) {freeze, rElec Str+3 Dex-3}
   (You found it on level 2 of the Dungeon)

   It freezes those it strikes, dealing additional cold damage.
   It can also slow down cold-blooded creatures.
   Str:       It affects your strength (+3).
   Dex:       It affects your dexterity (-3).
   rElec:     It insulates you from electricity.
Armour
 a - a +0 robe (worn)
Jewellery
 d - a +6 ring of intelligence
Scrolls
 b - a scroll of fog {unknown}
 e - 3 scrolls of identify {unknown}
 g - a scroll of vulnerability {unknown}
 i - a scroll of poison {unknown}
Potions
 c - 4 potions of curing {unknown}
 f - a potion of invisibility {unknown}


   Skills:
 - Level 1.7 Dodging
 - Level 1.7 Stealth
 + Level 2.1 Spellcasting
 * Level 4.1 Conjurations
 * Level 1.8 Translocations


You had 3 spell levels left.
You knew the following spells:

 Your Spells              Type           Power      Damage    Failure   Level
a - Magic Dart            Conj           88%        1d7       2%          1
b - Searing Ray           Conj           44%        2d6       3%          2

Your spell library contained the following spells:

 Spells                   Type           Power      Damage    Failure   Level
 Dazzling Flash           Conj/Hex       24%        N/A       16%         3
 Iskenderun's Mystic Bla  Conj/Tloc      17%        2d5       34%         4
 Fulminant Prism          Conj/Hex       6%         3d7       45%         4


Dungeon Overview and Level Annotations

Branches:
Dungeon (2/15)

Annotations:
D:2 Sigmund


Innate Abilities, Weirdness & Mutations

You have an increased reservoir of magic. (+10% MP)
You shall have no god before yourself.
Your divine heritage dramatically boosts your attributes as you level up.


Message History

Aim: Robin, wielding a +0 club, wearing a +0 animal skin and wearing a +0 helmet (moderately wounded, 84% to hit)
You miscast Searing Ray.
You are very lightly contaminated with residual magic.
Nothing appears to happen.
The magic dart hits Robin.
Robin is heavily wounded.
You barely miss Robin.
Robin is heavily wounded.
Robin misses you. Robin barely misses you.
You slice Robin!! You freeze Robin.
You kill Robin!
No target in view!
Your magical contamination has completely faded away.
A goblin comes into view. It is wielding a +0 dagger.
Items here: ! ) [[.
The goblin shouts!
You hear a shout!
A giant cockroach comes into view.
You slash the goblin! You freeze the goblin.
You kill the goblin!
No target in view!
No target in view!
No target in view!
Sigmund the Dreaded comes into view.
He is wielding a +0 scythe.
Items here: )))) ††.
A goblin comes into view. It is wielding a +0 club.
The goblin shouts!
Sigmund hits you with a +0 scythe!
You slash Sigmund! You freeze Sigmund.
Sigmund is heavily wounded.
Sigmund hits you with a +0 scythe.
You closely miss Sigmund.
Sigmund is heavily wounded.
You barely miss Sigmund.
Sigmund is heavily wounded.
A goblin comes into view. It is wielding a +0 dagger.
Sigmund gestures at you while chanting. The puff of flame hits you!
* * * LOW HITPOINT WARNING * * *
Sigmund hits you with a +0 scythe!
You die...

....<........
....###.[....
##:.###.#..).
#..##.###.#.
#..#.## ##..
#..##.###...
#..###.#.###
########).# #..## #
#.@.)..)..###..####
#@#######>.........
#g #####..#### #.
#..# .. #..# ..
#..# ..# #..# .g
#... ####


You could see Sigmund and 2 goblins.

Vanquished Creatures
  Robin (D:2)
  An adder (D:2)
  2 dart slugs (D:1)
  2 ball pythons (D:2)
  3 bats
  An endoplasm (D:1)
  A hobgoblin (D:1)
  3 jackals (D:1)
  A quokka (D:1)
  8 goblins
  3 kobolds (D:1)
  3 rats (D:1)
29 creatures vanquished.

Notes
Turn   | Place    | Note
-------+----------+-------------------------------------------
     0 | D:1      | KennySheep the Demigod Conjurer began the quest for the
                  | Orb.
     0 | D:1      | Reached XP level 1. HP: 14/14 MP: 5/5
   244 | D:1      | Reached XP level 2. HP: 20/20 MP: 0/7
   247 | D:1      | Learned a level 2 spell: Searing Ray
   356 | D:1      | Reached skill level 1 in Translocations
  1035 | D:2      | Reached skill level 4 in Conjurations
  1090 | D:2      | Reached XP level 3. HP: 26/26 MP: 4/8
  1091 | D:2      | Identified the +4 lajatang of Collusion {freeze, rElec
                  | Str+3 Dex-3}
  1291 | D:2      | Noticed Robin
  1300 | D:2      | Killed Robin
  1329 | D:2      | Noticed Sigmund
  1335 | D:2      | Slain by Sigmund

Illustrated notes

Levels and vault maps discovered:
D:1:      roderic_dead_forest, layout_loops_ring, dreamdust_princess_corridor,
          palyth_stone_intersect
D:2:      layout_loops_ring, uniq_sigmund, uniq_robin

Skill      XL: |  1  2 |
---------------+-------+-----
Translocations | 1 |  1.8
Spellcasting   | 2 |  2.1
Conjurations   | 4 |  4.1
Dodging        | |  1.7
Stealth        | |  1.7

Action                   || total
-------------------------++-------
Melee: Unarmed           ||    19
       Lajatang          ||    12
 Cast: Magic Dart        ||    59
  Use: Potion            ||     1
Armor: Robe              ||    16
Dodge: Dodged            ||    40

Table legend: (Time is in decaauts)
 A = Elapsed time spent in this place.
 B = Non-inter-level travel time spent in this place.
 C = Inter-level travel time spent in this place.
 D = Time resting spent in this place.
 E = Time spent auto-exploring this place.
 F = Levels seen in this place.
 G = Mean time per level.
                   A        B        C        D        E       F      G
               +--------+--------+--------+--------+--------+-----+--------+
         Total |   1338 |   1312 |     26 |     48 |   1098 |   2 |  669.0 |
       Dungeon |   1338 |   1312 |     26 |     48 |   1098 |   2 |  669.0 |
               +--------+--------+--------+--------+--------+-----+--------+

Top non-repeatable levels by time:
     D:1: 1030 daAuts
     D:2: 308 daAuts
